 Dungeon Crawl Stone Soup version 0.19-a0-593-gf2cdb02 (webtiles) character file.

6 ololoev the Firebug (level 1, 10/10 HPs)
             Began as a Deep Elf Fire Elementalist on June 10, 2016.
             Quit the game on level 1 of the Dungeon.
             The game lasted 00:00:53 (114 turns).

ololoev the Firebug (Deep Elf Fire Elementalist)     Turns: 114, Time: 00:00:53

Health: 10/10      AC:  2    Str:  5    XL:     1   Next: 75%
Magic:  0/6        EV: 13    Int: 19    God:
Gold:   17         SH:  0    Dex: 15    Spells: 1 memorised, 5 levels left

rFire  . . .     SeeInvis .     b - book of Flames
rCold  . . .     Gourm    .     a - +0 robe
rNeg   . . .     Faith    .     (no shield)
rPois  .         Spirit   .     (no helmet)
rElec  .         Dismiss  .     (no cloak)
rCorr  .         Reflect  .     (no gloves)
SustAt .         Harm     .     (no boots)
MR     .....                    (no amulet)
Stlth  ++........               (no ring)
                                (no ring)

@: not resistant to hostile enchantments, unstealthy
A: no striking features
a: no special abilities

Inventory:

Armour
 a - a +0 robe (worn)
Scrolls
 d - a scroll of remove curse {unknown}
 e - a scroll of identify {unknown}
Books
 b - a book of Flames (in hand)

   Spells                             Type                      Level
   a - Flame Tongue                   Conjuration/Fire             1
   b - Throw Flame                    Conjuration/Fire             2
   c - Conjure Flame                  Conjuration/Fire             3
   d - Inner Flame                    Hexes/Fire                   3
   e - Sticky Flame                   Conjuration/Fire             4
   f - Fireball                       Conjuration/Fire             5
Comestibles
 c - a bread ration


   Skills:
 - Level 2.4 Dodging
 - Level 2.4 Stealth
 + Level 3.0 Spellcasting
 * Level 1.5 Conjurations
 + Level 3.5 Fire Magic


You had 5 spell levels left.
You knew the following spells:

 Your Spells              Type           Power        Failure   Level  Hunger
a - Flame Tongue          Conj/Fire      ##...        8%          1    None


You were on level 1 of the Dungeon.
You were not hungry.

You visited 1 branch of the dungeon, and saw 1 of its levels.

You collected 17 gold pieces.

#.# #######.# #
####.####....g..#
##
#......##.#######
#. #......##.# #<
#.........# #.
#......#### ##
#..>...# #
#...gs.# #....@.#
########

Notes
Turn   | Place    | Note
--------------------------------------------------------------
     0 | D:1      | ololoev the Deep Elf Fire Elementalist began the quest for the Orb.
     0 | D:1      | Reached XP level 1. HP: 10/10 MP: 6/6
   114 | D:1      | Quit the game

Dungeon Overview and Level Annotations

Branches:
Dungeon (1/15)

Altars:


Message History

The hobgoblin barely misses you.
Casting: Flame Tongue
Confirm with . or Enter, or press ? or * to list all spells.
Aiming: Flame Tongue
Press: ? - help, Shift-Dir - straight line, f/p - hobgoblin
Aim: a hobgoblin (moderately wounded)
The flame tongue hits the hobgoblin.
The hobgoblin is heavily wounded.
The hobgoblin misses you.
Found a buckler.
Casting: Flame Tongue
Confirm with . or Enter, or press ? or * to list all spells.
Aiming: Flame Tongue
Press: ? - help, Shift-Dir - straight line, f/p - hobgoblin
Aim: a hobgoblin (moderately wounded)
The flame tongue misses the hobgoblin.
The hobgoblin barely misses you.
You see here a buckler.
Your magical contamination has completely faded away.
A giant cockroach comes into view.
A kobold comes into view. It is wielding a club.
Found a smoky green potion.
Casting: Flame Tongue
Confirm with . or Enter, or press ? or * to list all spells.
Aiming: Flame Tongue
Press: ? - help, Shift-Dir - straight line, f/p - hobgoblin
Aim: a hobgoblin (moderately wounded)
The flame tongue hits the hobgoblin.
The hobgoblin is heavily wounded.
The hobgoblin closely misses you.
A hobgoblin comes into view.
The hobgoblin shouts!
A goblin comes into view. It is wielding a dagger.
The kobold shouts!
Casting: Flame Tongue
Confirm with . or Enter, or press ? or * to list all spells.
Aiming: Flame Tongue
Press: ? - help, Shift-Dir - straight line, f/p - hobgoblin
Aim: a hobgoblin (heavily wounded)
The flame tongue hits the hobgoblin.
The hobgoblin appears unharmed.
The hobgoblin is heavily wounded.
The hobgoblin closely misses you.
The giant cockroach waves its antennae.
Found a scroll labeled KUEHUA HAKUSE.
Found a stone staircase leading down.
Found 17 gold pieces.
Casting: Flame Tongue
Confirm with . or Enter, or press ? or * to list all spells.
Aiming: Flame Tongue
Press: ? - help, Shift-Dir - straight line, f/p - hobgoblin
Aim: a hobgoblin (moderately wounded)
The flame tongue hits the hobgoblin.
The hobgoblin is severely wounded.
The giant cockroach waves its antennae.
The hobgoblin misses you. The hobgoblin barely misses you.
You see here a scroll labeled KUEHUA HAKUSE.
d - a scroll labeled KUEHUA HAKUSE The hobgoblin closely misses you.
The giant cockroach bites you but does no damage.
Things that are here:
17 gold pieces; a scroll labeled DAIVAC QUBRIF
e - a scroll labeled DAIVAC QUBRIF You now have 17 gold pieces.
The giant cockroach bites you but does no damage.
The hobgoblin closely misses you.
Casting: Flame Tongue
Confirm with . or Enter, or press ? or * to list all spells.
Aiming: Flame Tongue
Press: ? - help, Shift-Dir - straight line, f/p - hobgoblin
Aim: a hobgoblin (severely wounded)
The flame tongue hits the hobgoblin.
The hobgoblin is almost dead.
The giant cockroach closely misses you. The hobgoblin misses you.
The giant cockroach barely misses you.
Really attack while wielding your book of Flames? [Y]es or [N]o only, please.
Really attack while wielding your book of Flames? [Y]es or [N]o only, please.
Really attack while wielding your book of Flames?
Okay, then.
Are you sure you want to abandon this character and quit the game? (Confirm with "yes".)

You could see a giant cockroach and a hobgoblin.

Vanquished Creatures
  A dart slug (D:1)
  A giant gecko (D:1)
  A goblin (D:1)
3 creatures vanquished.

Action                   || total
-------------------------++-------
 Cast: Flame Tongue      ||    14
Armor: Robe              ||     4
Dodge: Dodged            ||    14

Vault maps used:
D:1:      lightli_arrival_statue_moat, cheibriados_altar_1
